 Dungeon Sprint DCSS version 0.19-a0-1005-gf5a4b3b (webtiles) character file.

15901 Musica the Severer (level 12, 0/131 HPs)
             Began as a Troll Monk on July 19, 2016.
             Was the Champion of Jiyva.
             Slain by a 12-headed hydra (5 damage)
             ... in the Dungeon (Sprint I: "Red Sonja").
             The game lasted 00:15:49 (1159 turns).

Musica the Severer (Troll Monk)                     Turns: 1159, Time: 00:15:50

Health: 0/131      AC: 13    Str: 21    XL:     12   Next: 5%
Magic:  11/11      EV: 13    Int:  5    God:    Jiyva [******]
Gold:   855        SH:  0    Dex: 18    Spells: 0 memorised, 11 levels left

rFire  + . .     SeeInvis .     u - +0 great sword (flame)
rCold  . . .     Gourm    +     o - +1 robe of Sunlight {rN+}
rNeg   + . .     Faith    .     (shield currently unavailable)
rPois  .         Spirit   .     (helmet restricted)
rElec  .         Dismiss  .     p - +1 cloak of Wonder {rF+}
rCorr  +         Reflect  .     (gloves unavailable)
SustAt .         Harm     .     (boots unavailable)
MR     .....     NoTele   +     (no amulet)
Stlth  ++........               j - ring of resist corrosion
                                d - +3 ring of protection

@: not resistant to hostile enchantments, unstealthy
A: unfitting armour, claws 3, fast metabolism 3, gourmand, regeneration 2,
shaggy fur 1, tough skin 2, acidic bite, gelatinous body 3, translucent skin 1,
jelly absorbing missiles
a: Request Jelly, Jelly Paralyse, Slimify, Cure Bad Mutation, Renounce Religion


You were in the Dungeon.
You worshipped Jiyva.
Jiyva was exalted by your worship.
You were completely stuffed.

You visited 1 branch You collected 1374 gold pieces.
You spent 519 gold pieces at shops.

Inventory:

Hand Weapons
 k - a +0 blowgun
 q - the +7 battleaxe of Humus {elec, MR+ Str+5}
   (You found it in the Dungeon)

   Occasionally, upon striking a foe, it will discharge some electrical energy
   and cause terrible harm.
   It affects your strength (+5).
   It affects your resistance to hostile enchantments.
 u - a +0 great sword of flaming (weapon)
Missiles
 l - a curare-tipped needle
Armour
 a - a +0 robe
 g - a +1 cloak of poison resistance
 n - a troll hide
 o - the +1 robe of Sunlight (worn) {rN+}
   (You bought it in a shop in the Dungeon)

   It protects you from negative energy.
 p - the +1 cloak of Wonder (worn) {rF+}
   (You bought it in a shop in the Dungeon)

   It protects you from fire.
Jewellery
 d - a +3 ring of protection (left claw)
 e - an uncursed amulet of dismissal {unknown}
 j - a ring of resist corrosion (right claw)
Scrolls
 h - a scroll of blinking
Potions
 c - 3 potions of curing
 f - 2 potions of magic
 i - a potion of ambrosia {unknown}
 m - 2 potions of heal wounds
 t - a potion of degeneration {unknown}
Books
 v - a book of the Earth

   Spells                             Type                      Level
   a - Leda's Liquefaction            Hexes/Earth                  4
   b - Bolt of Magma                  Conjuration/Fire/Earth       5
   c - Statue Form                    Transmutation/Earth          6
   d - Iron Shot                      Conjuration/Earth            6
   e - Shatter                        Earth                        9
Comestibles
 b - a bread ration
 r - a slice of pizza
 s - 3 chunks of flesh


   Skills:
 - Level 11.7 Fighting
 * Level 19.1 Axes
 - Level 2.4 Dodging
 - Level 1.1 Stealth
 - Level 13.6 Unarmed Combat


You had 11 spell levels left.
You didn't know any spells.

Dungeon Overview and Level Annotations

Branches:
Dungeon (1/1)

Altars:
Cheibriados
Dithmenos
Elyvilon
Fedhas
Gozag
Hepliaklqana
Kikubaaqudgha
Makhleb
Nemelex Xobeh
Okawaru
Pakellas
Qazlal
Ru
Sif Muna
Trog
Uskayaw
Vehumet
Xom
Yredelemnul
Zin
The Shining One
Jiyva

Shops:
D [[%[=%((%:(([**([[*[}

Annotations:
D Tiamat


Innate Abilities, Weirdness & Mutations

You are too large for most types of armour.
You have claws for hands.
Your metabolism is lightning-fast.
You like to eat raw meat.
You heal very quickly.
You are covered in fur. (AC +1)
You have very tough skin. (AC +2)
You have acidic saliva.
Your gelatinous body deflects attacks. (AC +2, EV +2)
Your skin is partially translucent. (Stealth, -foe acc)
You have a small jelly attached to you that may absorb incoming projectiles.


Message History

You hit the 12-headed hydra but do no damage.
The 12-headed hydra is moderately wounded.
The 12-headed hydra bites you but does no damage.
The 12-headed hydra bites you.
* * * LOW HITPOINT WARNING * * *
The 12-headed hydra bites you but does no damage.
The 12-headed hydra barely misses you. The 12-headed hydra closely misses you.
The 12-headed hydra misses you.
The 12-headed hydra bites you but does no damage.
The 12-headed hydra bites you!
* * * LOW HITPOINT WARNING * * *
The 12-headed hydra bites you!
* * * LOW HITPOINT WARNING * * *
The 12-headed hydra bites you.
* * * LOW HITPOINT WARNING * * *
The 12-headed hydra bites you but does no damage.
Something hits you but does no damage.
The 12-headed hydra bites you but does no damage.
The 12-headed hydra bites you.
You die...

##############################
.#__#......#..#§@D§§§§..§§'.G#
.'.G').#...##'#{####§§§§§##..+
'#__####...'..#.#, ##§..######
.####§§#####..'.#+ ###'#...##
.#§§§§§#§.##§#### , * #.##...#
§§§≈§§.'§.#..§§§# #..###.#
_#§§J§.#§.#.§^.§+ ##.#A#.#
'##§#####'###...#, , #..###.#
(#.§§.###..J#J..# + #.##...#


You could see a 12-headed hydra.

Vanquished Creatures
  3 fire giants (D)
  2 centaur warriors (D)
  Sonja (D)
  7 unseen horrors (D)
  A deep troll (D)
  A lindwurm (D)
  An oklob plant (D)
  A gargoyle (D)
  A kobold demonologist (D)
  4 demonic crawlers (D)
  A slime creature (D)
  Sigmund (D)
  A yak (D)
  13 hogs (D)
  2 necrophages (D)
  An ogre (D)
  A wasp (D)
  A jelly (D)
  Ijyb (D)
  4 ballistomycetes (D)
48 creatures vanquished.

Vanquished Creatures (collateral kills)
  A fire giant (D)
1 creature vanquished.

Vanquished Creatures (others)
  A shining eye (D)
  A gargoyle (D)
  A kobold demonologist (D)
  A hellwing (D)
  A redback (D)
  2 giant eyeballs (D)
  5 necrophages (D)
  27 jellies (D)
  2 giant spores (D)
41 creatures vanquished.

Grand Total: 90 creatures vanquished

Notes
Turn   | Place    | Note
-------+----------+-------------------------------------------
     0 | D        | Musica the Troll Monk began the quest for the Orb.
     0 | D        | Reached XP level 1. HP: 22/22 MP: 0/0
     2 | D        | Noticed Ijyb
     8 | D        | Killed Ijyb
     8 | D        | Reached skill level 5 in Unarmed Combat
     8 | D        | Reached XP level 2. HP: 32/32 MP: 1/1
    14 | D        | Noticed an ogre
    23 | D        | Killed an ogre
    23 | D        | Reached XP level 3. HP: 33/44 MP: 2/2
    23 | D        | Reached XP level 4. HP: 39/52 MP: 3/3
    46 | D        | Noticed Sigmund
    54 | D        | Killed Sigmund
    54 | D        | Reached XP level 5. HP: 63/63 MP: 4/4
    54 | D        | Reached XP level 6. HP: 72/72 MP: 5/5
    68 | D        | Found a deep blue altar of Sif Muna.
    70 | D        | Found a radiant altar of Vehumet.
   116 | D        | Found a snail-covered altar of Cheibriados.
   116 | D        | Found a viscous altar of Jiyva.
   116 | D        | Found a shadowy altar of Dithmenos.
   116 | D        | Found a blossoming altar of Fedhas.
   116 | D        | Noticed a slime creature
   122 | D        | Killed a slime creature
   122 | D        | Reached skill level 10 in Unarmed Combat
   126 | D        | Became a worshipper of Jiyva Juxtuess the Shapeless
   126 | D        | Reached * piety under Jiyva
   126 | D        | Reached ** piety under Jiyva
   159 | D        | Found Pousiate's Antique Armour Emporium.
   159 | D        | Found a white marble altar of Elyvilon.
   159 | D        | Found a stormy altar of Qazlal.
   159 | D        | Found a burning altar of Makhleb.
   159 | D        | Found a sacrificial altar of Ru.
   159 | D        | Found a hazy altar of Hepliaklqana.
   159 | D        | Found an oddly glowing altar of Pakellas.
   159 | D        | Found a hide-covered altar of Uskayaw.
   159 | D        | Found a basalt altar of Yredelemnul.
   159 | D        | Found a glowing golden altar of the Shining One.
   159 | D        | Found a sparkling altar of Nemelex Xobeh.
   159 | D        | Found a shimmering altar of Xom.
   159 | D        | Found an opulent altar of Gozag.
   159 | D        | Found an ancient bone altar of Kikubaaqudgha.
   159 | D        | Found a glowing silver altar of Zin.
   159 | D        | Noticed a yak
   162 | D        | Killed a yak
   162 | D        | Reached XP level 7. HP: 73/84 MP: 6/6
   163 | D        | Found an iron altar of Okawaru.
   164 | D        | Found a bloodstained altar of Trog.
   170 | D        | Bought a runed cloak for 81 gold pieces
   235 | D        | Noticed Sonja
   249 | D        | Reached *** piety under Jiyva
   250 | D        | Killed Sonja
   250 | D        | Reached XP level 8. HP: 53/97 MP: 7/7
   253 | D        | Gained mutation: Your spells are a little harder to cast, but a little more powerful. [Jiyva's grace]
   258 | D        | Reached **** piety under Jiyva
   259 | D        | Noticed a deep troll
   269 | D        | Killed a deep troll
   285 | D        | Found Ycraoxul's Armour Emporium.
   303 | D        | Killed a gargoyle
   316 | D        | Found Zoit's Antique Armour Boutique.
   324 | D        | Bought a heavy robe for 131 gold pieces
   334 | D        | Identified the +1 robe of Sunlight {rN+} (You bought it in a shop in the Dungeon)
   351 | D        | Noticed a shining eye
   351 | D        | Noticed a shining eye
   351 | D        | Noticed a shining eye
   351 | D        | Noticed a shining eye
   351 | D        | Noticed a shining eye
   351 | D        | Noticed a shining eye
   353 | D        | Noticed a shining eye
   353 | D        | Noticed a shining eye
   358 | D        | Found Nuen's Food Boutique.
   358 | D        | Found Arut's Food Emporium.
   360 | D        | Found Peusen's Antique Armour Shoppe.
   361 | D        | Found Mablehib's Jewellery Shop.
   379 | D        | Bought a scorched cloak for 237 gold pieces
   389 | D        | Identified the +1 cloak of Wonder {rF+} (You bought it in a shop in the Dungeon)
   467 | D        | Got a polished battleaxe
   468 | D        | Identified the +7 battleaxe of Humus {elec, MR+ Str+5} (You found it in the Dungeon)
   517 | D        | Noticed a centaur warrior
   518 | D        | Noticed a centaur warrior
   522 | D        | Killed a centaur warrior
   522 | D        | Reached skill level 6 in Axes
   522 | D        | Reached XP level 9. HP: 38/106 MP: 8/8
   529 | D        | Killed a centaur warrior
   529 | D        | Reached skill level 9 in Axes
   543 | D        | Lost mutation: Your spells are a little harder to cast, but a little more powerful. [Jiyva's grace]
   618 | D        | Reached ***** piety under Jiyva
   618 | D        | Gained mutation: Armour fits poorly on your pseudopods. [Jiyva's grace]
   622 | D        | Gained mutation: Your flesh is heat resistant. (rF+) [Jiyva's grace]
   632 | D        | Reached ****** piety under Jiyva
   639 | D        | Noticed an oklob plant
   645 | D        | Killed an oklob plant
   645 | D        | Reached skill level 10 in Axes
   667 | D        | Lost mutation: Your flesh is heat resistant. (rF+) [Jiyva's grace]
   671 | D        | Noticed an acid blob
   671 | D        | a redback changed into an acid blob
   678 | D        | Gained mutation: You regenerate. [Jiyva's grace]
   686 | D        | Lost mutation: Armour fits poorly on your pseudopods. [Jiyva's grace]
   693 | D        | Lost mutation: You regenerate. [Jiyva's grace]
   703 | D        | Gained mutation: You are robust. (+10% HP) [Jiyva's grace]
   703 | D        | Gained mutation: You have a small jelly attached to you that may absorb incoming projectiles. [Jiyva's grace]
   705 | D        | Gained mutation: Your muscles are strong. (Str +2) [Jiyva's grace]
   705 | D        | Gained mutation: Your muscles are very strong. (Str +4) [Jiyva's grace]
   713 | D        | Gained mutation: You passively map a small area around you. [Jiyva's grace]
   716 | D        | Gained mutation: You have acidic saliva. [Jiyva's grace]
   720 | D        | Killed an unseen horror
   720 | D        | Reached skill level 11 in Axes
   720 | D        | Reached XP level 10. HP: 126/126 MP: 9/9
   728 | D        | Killed an unseen horror
   728 | D        | Reached skill level 12 in Axes
   729 | D        | Found Zucol Rowy's Antique Weapon Shoppe.
   730 | D        | Found Veseuklu's Antique Weapon Shop.
   730 | D        | Found Maho Peo's Food Boutique.
   731 | D        | Found Gusk's Antique Armour Boutique.
   731 | D        | Found Fow Rong's Assorted Antiques.
   731 | D        | Gained mutation: You expend magic power (3 MP) to strengthen your wands. [Jiyva's grace]
   732 | D        | Found Omiris's Gadget Emporium.
   736 | D        | Found Suan's Book Emporium.
   736 | D        | Found Cosix's Antique Weapon Shop.
   736 | D        | Found Qofuwal's Antique Weapon Shoppe.
   736 | D        | Found Mixim's Armour Boutique.
   736 | D        | Found Sommyov's General Store.
   736 | D        | Found Tohein's General Store.
   736 | D        | Found Disilo's Antique Weapon Shoppe.
   740 | D        | Found Kaluhati's Armour Boutique.
   745 | D        | Bought a potion of heal wounds for 70 gold pieces
   800 | D        | Killed a shining eye
   808 | D        | Noticed an orange demon
   819 | D        | Gained mutation: Armour fits poorly on your pseudopods. [Jiyva's grace]
   832 | D        | Reached skill level 13 in Axes
   840 | D        | Lost mutation: Your muscles are very strong. (Str +4) [Jiyva's grace]
   845 | D        | Lost mutation: You expend magic power (3 MP) to strengthen your wands. [Jiyva's grace]
   848 | D        | Lost mutation: You are robust. (+10% HP) [Jiyva's grace]
   850 | D        | Lost mutation: Your muscles are strong. (Str +2) [Jiyva's grace]
   850 | D        | Gained mutation: You can translocate small distances at will. [Jiyva's grace]
   850 | D        | Gained mutation: Your rubbery body absorbs attacks. (AC +1) [Jiyva's grace]
   855 | D        | Lost mutation: You passively map a small area around you. [Jiyva's grace]
   857 | D        | Gained mutation: You have an increased reservoir of magic. (+10% MP) [Jiyva's grace]
   861 | D        | Lost mutation: You have an increased reservoir of magic. (+10% MP) [Jiyva's grace]
   862 | D        | Noticed a gargoyle
   869 | D        | Killed a gargoyle
   870 | D        | Gained mutation: You are resistant to hostile enchantments. (MR+) [Jiyva's grace]
   879 | D        | Gained mutation: Your spells are a little easier to cast, but a little less powerful. [Jiyva's grace]
   882 | D        | Noticed a lindwurm
   886 | D        | Gained mutation: Your pliable body absorbs attacks. (AC +1, EV +1) [Jiyva's grace]
   888 | D        | Killed a lindwurm
   888 | D        | Reached skill level 14 in Axes
   893 | D        | Lost mutation: You are resistant to hostile enchantments. (MR+) [Jiyva's grace]
   896 | D        | Gained mutation: Your gelatinous body deflects attacks. (AC +2, EV +2) [Jiyva's grace]
   912 | D        | Reached skill level 15 in Axes
   915 | D        | Reached XP level 11. HP: 111/123 MP: 10/10
   948 | D        | Noticed a daeva
   952 | D        | Noticed an unseen horror
   952 | D        | Killed an unseen horror
   953 | D        | Noticed an unseen horror
   953 | D        | Noticed an unseen horror
   953 | D        | Killed an unseen horror
   953 | D        | Reached skill level 16 in Axes
   954 | D        | Noticed an unseen horror
   956 | D        | Killed an unseen horror
   957 | D        | Noticed an unseen horror
   958 | D        | Killed an unseen horror
   958 | D        | Killed an unseen horror
   958 | D        | Reached skill level 17 in Axes
   969 | D        | Noticed a fire giant
   969 | D        | Lost mutation: Your spells are a little easier to cast, but a little less powerful. [Jiyva's grace]
   974 | D        | Killed a fire giant
   984 | D        | Noticed a fire giant
   985 | D        | Noticed a fire giant
   985 | D        | Gained mutation: Armour fits poorly on your large pseudopods. [Jiyva's grace]
   986 | D        | Noticed a fire giant
   993 | D        | Killed a fire giant
   993 | D        | Reached skill level 18 in Axes
   996 | D        | Killed a fire giant
   998 | D        | Gained mutation: You have sharp toenails. [Jiyva's grace]
   999 | D        | Killed a fire giant
   999 | D        | Reached skill level 19 in Axes
   999 | D        | Reached XP level 12. HP: 72/131 MP: 11/11
  1009 | D        | Lost mutation: You have sharp toenails. [Jiyva's grace]
  1013 | D        | Lost mutation: Armour fits poorly on your large pseudopods. [Jiyva's grace]
  1017 | D        | Noticed Tiamat
  1023 | D        | Lost mutation: You can translocate small distances at will. [Jiyva's grace]
  1038 | D        | Gained mutation: You evolve. [Jiyva's grace]
  1065 | D        | Gained mutation: You are partially covered in thin metallic scales. (AC +2) [Jiyva's grace]
  1083 | D        | Gained mutation: Your skin is partially translucent. (Stealth, -foe acc) [Jiyva's grace]
  1083 | D        | Lost mutation: You are partially covered in thin metallic scales. (AC +2) [Jiyva's grace]
  1118 | D        | Lost mutation: Armour fits poorly on your pseudopods. [evolution]
  1118 | D        | Lost mutation: You evolve. [end of evolution]
  1146 | D        | Noticed a 12-headed hydra
  1159 | D        | HP: 5/131 [12-headed hydra (5)]
  1159 | D        | Slain by a 12-headed hydra

Vault maps used:
D:        dungeon_sprint_1

Skill      XL: |  1  2  3  4  5  6  7  8  9 10 11 |
---------------+----------------------------------+-----
Fighting       | 4 6 7 9 11 | 11.7
Unarmed Combat | 5 7 9 11 12 13 | 13.6
Axes           | 6 11 15 19 | 19.1
Dodging        | |  2.4
Stealth        | |  1.1

Action                   |  1- 3 |  4- 6 |  7- 9 | 10-12 || total
-------------------------+-------+-------+-------+-------++-------
Melee: Unarmed           |    11 |    15 |    39 |       ||    65
       Battleaxe         |       |       |    12 |    94 ||   106
       Punch             |       |       |     4 |       ||     4
       Pseudopods        |       |       |     2 |    24 ||    26
       Bite              |       |       |       |    23 ||    23
       Great sword       |       |       |       |     3 ||     3
Invok: Slimify           |       |       |     1 |       ||     1
  Use: Potion            |     1 |     1 |     1 |     2 ||     5
 Stab: Sleeping          |       |     2 |     2 |       ||     4
  Eat: Bread ration      |       |       |     1 |       ||     1
       Chunk             |       |       |     5 |       ||     5
Armor: Robe              |     1 |     1 |    50 |    57 ||   109
Dodge: Dodged            |     5 |     4 |    26 |    77 ||   112
